AoeStats
← smunk

Baltic

510606307Analyzed
2v2 RM · 1d ago on Oct 1, 2026· 27m 44s· 4 players
Game mode
Random Map
Map size
Medium (4 player)
Population
200
Speed
Normal
Resources
Standard
Victory
Conquest
Starting age
Dark Age
Ending age
Imperial Age
RankedLock teamsTeams togetherTeam positionsShared explorationLock speedFull tech treeHidden civsTurbo modeCheats
Victory
Defeat
🇨🇴 Franks · Colombia
1050
+14
🇨🇴 Wu · Colombia
1048
+14
🇧🇪 Franks · Belgium
1001
-40
🇧🇪 Britons · Belgium
1000
-43
Stijn Arns
14:12 Feudal Age
14:51 Double-Bit Axe
21:42 Horse Collar
25:38 Castle Age
smunk
10:54 Loom
13:25 Feudal Age
14:28 Double-Bit Axe
16:39 Wheelbarrow
23:36 Castle Age
23:09 Town Watch
24:52 Hand Cart
24:56 Bow Saw
26:38 Husbandry
Alosk8
0:55 Loom
12:05 Feudal Age
14:40 Wheelbarrow
14:45 Double-Bit Axe
17:51 Castle Age
17:45 Forging
17:41 Scale Barding Armor
19:26 Wheelbarrow
21:13 Husbandry
21:27 Gold Mining
24:02 Iron Casting
25:08 Hand Cart
27:56 Chain Barding Armor
28:19 Gold Shaft Mining
DAVIJO90
0:41 Loom
11:49 Feudal Age
14:39 Wheelbarrow
14:03 Double-Bit Axe
15:12 Gold Mining
15:07 Horse Collar
15:35 Fishing Lines
23:56 Castle Age
22:13 Scale Barding Armor
24:09 Demolition Ship
25:14 Bow Saw
25:15 Husbandry
25:27 Bloodlines
25:41 Chain Barding Armor
25:32 Forging
27:21 Hand Cart
Connection lost

Rejoining the realm…

Still unreachable

The connection could not be restored.

Session expired

The server has moved on; the page needs a fresh start.